 Dungeon Crawl Stone Soup version 0.31-a0-876-gfe8ebadbca (webtiles) character file.

Game seed: 16933513387125485184

45 Xavori the Cutter (level 3, -14/58 HPs)
             Began as an Octopode Chaos Knight on Oct 13, 2023.
             Was a Plaything of Xom.
             Demolished by a red devil
             ... wielding a +0 trident
             ... summoned by Xom
              (17 damage)
             ... on level 2 of the Dungeon.
             The game lasted 00:01:22 (3986 turns).

Xavori the Cutter (Octopode Chaos Knight)           Turns: 3986, Time: 00:01:23

Health: -14/58     AC: 21    Str: 11      XL:     3   Next: 64%
Magic:  3/3        EV:  2    Int: 13 (14) God:    Xom [*.....]
Gold:   36         SH:  0    Dex: 19      Spells: 2/2 levels left

rFire   . . .        a - +0 short sword (chaos)
rCold   . . .        (no shield)
rNeg    . . .        (helmet currently unavailable)
rPois   +            (no amulet)
rElec   .            l - +6 ring of dexterity
rCorr   .            (no ring)
SInv    .            (no ring)
Will    .....        (no ring) Stlth
                     (no ring)
HPRegen 0.29/turn    (no ring)
MPRegen 0.08/turn    (no ring)
                     (no ring)

%: no passive effects
@: berserking, tree-form, very quick
A: stationary, stasis, torment immunity, boosted hp, almost no armour,
(amphibious), 8 rings, (camouflage 1), (gelatinous body 1), (nimble swimmer 1),
(tentacles), (iridescent scales 1), high MP 1, (shaggy fur 1), subdued magic 1
a: Renounce Religion


You were on level 2 of the Dungeon.
You worshipped Xom.
You were a special plaything of Xom.
You were a tree.
You visited 1 branch of the dungeon, and saw 2 of its levels.

You collected 36 gold pieces.

Inventory:

Hand Weapons
 a - a +0 short sword of chaos (weapon)
Missiles
 i - a throwing net
Jewellery
 l - a +6 ring of dexterity (left branch)
 n - a +6 ring of intelligence
Scrolls
 b - a scroll of butterflies
 d - a scroll of fog {unknown}
 e - 2 scrolls of identify {unknown}
Potions
 c - a potion of cancellation {unknown}
 f - a potion of mutation {unknown}
 h - a potion of degeneration {unknown}
 j - a potion of enlightenment {unknown}
 k - a potion of brilliance {unknown}
 m - a potion of might {unknown}


   Skills:
 + Level 3.5 Fighting
 + Level 3.6 Short Blades
 + Level 2.7 Dodging
 + Level 1.5 Stealth


You had 2 spell levels left.
You didn't know any spells.
Your spell library contained the following spells:

 Spells                   Type           Power      Damage    Failure   Level
 Shock                    Conj/Air       0%         1d3       26%         1
 Swiftness                Air            0%         N/A       63%         3
 Airstrike                Air            0%         2d(0-16)  96%         4


Dungeon Overview and Level Annotations

Branches:
Dungeon (2/15)

Altars:


Innate Abilities, Weirdness & Mutations

You are a tree.
Your roots penetrate the ground, keeping you stationary.
You cannot be teleported.
You are immune to unholy pain and torment.
Your maximum health is greatly increased.
You cannot wear most types of armour.
((You are amphibious.))
You can wear up to eight rings at the same time.
((Your skin changes colour to match your surroundings (Stealth+).))
((Your rubbery body absorbs attacks. (AC +1, EV +1)))
((You are camouflaged when in or above water. (Stealth+)))
((You have tentacles for arms and can constrict up to eight enemies at once.))
((You are partially covered in iridescent scales. (AC +2)))
You have an increased reservoir of magic. (+10% MP)
((You are covered in fur. (AC +1)))
Your spells are a little easier to cast, but a little less powerful.


Message History

You closely miss the komodo dragon.
The komodo dragon is lightly wounded.
The bat hits you but does no damage.
You hit the komodo dragon but do no damage.
The komodo dragon is lightly wounded.
The bat hits you. The kobold hits you but does no damage.
The komodo dragon bites you!
* * * LOW HITPOINT WARNING * * *
Xom roars with laughter!
You hit the komodo dragon but do no damage.
The komodo dragon is poisoned.
The komodo dragon is lightly wounded.
The bat hits you but does no damage.
You barely miss the komodo dragon.
The komodo dragon is lightly wounded.
The kobold hits you but does no damage. The komodo dragon barely misses you.
The bat hits you but does no damage.
You completely miss the komodo dragon.
The komodo dragon is lightly wounded.
The bat hits you but does no damage.
You hit the komodo dragon. You drain the komodo dragon.
The komodo dragon is lightly wounded.
You hear Xom's maniacal laughter.
The komodo dragon changes into a cane toad!
The bat hits you but does no damage. The kobold hits you but does no damage.
You hit the cane toad.
Space warps around the cane toad.
The cane toad is lightly wounded.
The bat hits you but does no damage. The kobold hits you but does no damage.
You hit the cane toad. You burn the cane toad.
The cane toad is moderately wounded.
The bat hits you but does no damage.
The cane toad stings you but does no damage.
The red devil hits you but does no damage.
You closely miss the cane toad.
The cane toad is moderately wounded.
The cane toad changes into a basilisk!
The kobold completely misses you.
You barely miss the basilisk.
The red devil hits you from afar with a +0 trident!
You die...
Xom chortles!

...# .. #..#....
...##.# .###.....
.#.#.. .#..#...#..
#..... ##...#.#...###
.... ..#...#
..#...#...# ...#..#
.#.....#..#
....#####.)...5Klb# #
...#..#..#.....#♣.#.#
..#...#...#...#...#.#
##...#.#...###4.?...#
.#..#...#..#..#...###
.###.....###...#..#
#..#.....#..#.....#
...#.....#...#.)..#
#.#...#.#†......#
#...#.#...#......#


You could see a basilisk shaped shifter, a red devil (summoned), an iron imp
(summoned), a bat and a kobold.

Vanquished Creatures
  An adder (D:2)
  An adder skeleton (D:2)
  A worm (D:2)
  6 bats
  4 endoplasms (D:1)
  3 goblins
  3 hobgoblins (D:1)
  3 quokkas
  3 ball pythons
  A ball python zombie (D:2)
  2 frilled lizards
  A giant cockroach zombie (D:2)
  A kobold (D:1)
  3 rats
33 creatures vanquished.

Notes
Turn   | Place    | Note
-------+----------+-------------------------------------------
     0 | D:1      | Xavori the Octopode Chaos Knight began the quest for the
                  | Orb.
     0 | D:1      | Reached XP level 1. HP: 16/16 MP: 1/1
    56 | D:1      | XOM: silly message
   109 | D:1      | Reached XP level 2. HP: 4/21 MP: 2/2
   223 | D:1      | XOM: silly message
   447 | D:1      | Found a faded altar of an unknown god.
   490 | D:1      | XOM: divination: detect items
   760 | D:1      | HP: 1/21 [endoplasm (2)]
  1063 | D:1      | XOM: noise
  1941 | D:1      | XOM: summons 2 hostile demons
  1942 | D:1      | Noticed a crimson imp
  2274 | D:1      | XOM is BORED!
  2741 | D:1      | XOM: cloud trail
  2891 | D:1      | XOM: give mutations
  2891 | D:1      | Gained mutation: You have an increased reservoir of magic.
                  | (+10% MP) [Xom's mischief]
  2891 | D:1      | Gained mutation: Your spells are a little easier to cast,
                  | but a little less powerful. [Xom's mischief]
  2891 | D:1      | Gained mutation: You are covered in fur. (AC +1) [Xom's
                  | mischief]
  2943 | D:1      | XOM: stat loss: -1 Int (13/14)
  3697 | D:1      | XOM: give mutation
  3697 | D:1      | Gained mutation: You are partially covered in iridescent
                  | scales. (AC +2) [Xom's mischief]
  3824 | D:2      | Reached XP level 3. HP: 26/26 MP: 3/3
  3827 | D:2      | Reached skill level 1 in Stealth
  3930 | D:2      | XOM: noise
  3947 | D:2      | Noticed a scorpion
  3947 | D:2      | XOM: silly message
  3955 | D:2      | XOM: noise
  3956 | D:2      | a scorpion changed into a glowing shapeshifter
  3956 | D:2      | Noticed a glowing shapeshifter (glowing shapeshifter)
  3956 | D:2      | a glowing shapeshifter changed into a cyclops
  3956 | D:2      | Noticed a cyclops (glowing shapeshifter)
  3959 | D:2      | a cyclops changed into a swamp worm
  3959 | D:2      | Noticed a swamp worm (glowing shapeshifter)
  3968 | D:2      | XOM: noise
  3971 | D:2      | a swamp worm changed into a glowing shapeshifter
  3971 | D:2      | Noticed a glowing shapeshifter (glowing shapeshifter)
  3971 | D:2      | a glowing shapeshifter changed into a slime creature
  3971 | D:2      | Noticed a slime creature (glowing shapeshifter)
  3973 | D:2      | a slime creature changed into a glowing orange brain
  3973 | D:2      | Noticed a glowing orange brain (glowing shapeshifter)
  3975 | D:2      | a glowing orange brain changed into a dream sheep
  3975 | D:2      | Noticed a dream sheep (glowing shapeshifter)
  3976 | D:2      | a dream sheep changed into a komodo dragon
  3976 | D:2      | Noticed a komodo dragon (glowing shapeshifter)
  3978 | D:2      | HP: 2/58 [komodo dragon (glowing shapeshifter) (17)]
  3982 | D:2      | XOM: summons 2 hostile demons
  3982 | D:2      | a komodo dragon changed into a cane toad
  3982 | D:2      | Noticed a cane toad (glowing shapeshifter)
  3983 | D:2      | Noticed a red devil
  3985 | D:2      | a cane toad changed into a basilisk
  3985 | D:2      | Noticed a basilisk (glowing shapeshifter)
  3986 | D:2      | Demolished by a red devil

Illustrated notes

Levels and vault maps discovered:
D:1:      minmay_arrival_shattered_statue, layout_basic,
          dilly_ecumenical_altar_fadedgnrine, item_on_display_a
D:2:      layout_loops_ring, serial_undead, serial_undead_a, serial_undead_d,
          serial_undead_e, serial_undead_e, minmay_splitting_lines, uniq_sigmund

Skill      XL: |  1  2  3 |
---------------+----------+-----
Stealth        | 1 |  1.5
Fighting       | |  3.5
Short Blades   | |  3.6
Dodging        | |  2.7

Action                     || total
---------------------------++-------
  Melee: Short sword       ||   114
         Constrict         ||    18
         Tentacles         ||    10
    Use: Potion            ||     2
   Stab: Sleeping          ||     7
         Paralysed         ||     1
 Armour: Skin              ||    91
  Dodge: Dodged            ||    55

Table legend: (Time is in decaauts)
 A = Elapsed time spent in this place.
 B = Non-inter-level travel time spent in this place.
 C = Inter-level travel time spent in this place.
 D = Time resting spent in this place.
 E = Time spent auto-exploring this place.
 F = Levels seen in this place.
 G = Mean time per level.
                   A        B        C        D        E       F      G
               +--------+--------+--------+--------+--------+-----+--------+
         Total |   3965 |   3943 |     22 |   2924 |    786 |   2 | 1982.5 |
       Dungeon |   3965 |   3943 |     22 |   2924 |    786 |   2 | 1982.5 |
               +--------+--------+--------+--------+--------+-----+--------+

Top non-repeatable levels by time:
     D:1: 3492 daAuts
     D:2: 472 daAuts
